 Dungeon Crawl Stone Soup version 0.25-a0-577-ga4619f409e (webtiles) character file.

Game seed: 18087491459856634645, levelgen mode: deterministic

181 Flugslaktarn the Chopper (level 5, -7/47 HPs)
             Began as a Minotaur Chaos Knight on Mar 3, 2020.
             Was a Plaything of Xom.
             Killed by divine providence
             ... invoked by an orc priest
              (10 damage)
             ... on level 4 of the Dungeon.
             The game lasted 00:00:43 (1112 turns).

Flugslaktarn the Chopper (Minotaur Chaos Knight)    Turns: 1112, Time: 00:00:43

Health: -7/47      AC:  5    Str: 18    XL:     5   Next: 34%
Magic:  4/4        EV: 12    Int:  9    God:    Xom [..*...]
Gold:   76         SH:  0    Dex:  9    Spells: 4/4 levels left

rFire    . . .     SeeInvis .   a - +0 hand axe (chaos)
rCold    . . .     Gourm    .   (no shield)
rNeg     . . .     Faith    .   b - +2 leather armour
rPois    .         Spirit   .   (helmet restricted)
rElec    .         Reflect  .   (no cloak)
rCorr    .         Harm     .   (no gloves)
MR       .....                  (no boots)
Stlth    +.........             (no amulet)
HPRegen  0.15/turn              (no ring)
MPRegen  0.09/turn              (no ring)

@: brilliant, stab, very slightly contaminated, invisible
A: retaliatory headbutt, horns 2
a: Renounce Religion


You were on level 4 of the Dungeon.
You worshipped Xom.
You were a toy of Xom.
You were not hungry.

You visited 1 branch of the dungeon, and saw 4 of its levels.

You collected 76 gold pieces.

Inventory:

Hand Weapons
 a - a +0 hand axe of chaos (weapon)
Armour
 b - a +2 leather armour (worn)
Jewellery
 j - an uncursed amulet of the gourmand {unknown}
   (You found it on level 2 of the Dungeon)
Wands
 k - a wand of acid (7)
   (You found it on level 2 of the Dungeon)
 v - a wand of digging (3)
   (You took it off Ijyb on level 3 of the Dungeon)
Scrolls
 d - 2 scrolls of identify {unknown}
 f - a scroll of amnesia {unknown}
 i - 2 scrolls of remove curse {unknown}
 o - a scroll of noise {unknown}
 p - a scroll of fog {unknown}
Potions
 c - a potion of lignification {unknown}
 g - a potion of brilliance
 m - a potion of haste {unknown}
 n - a potion of stabbing {unknown}
Comestibles
 e - 4 rations
 h - a chunk of flesh


   Skills:
 + Level 4.6 Fighting
 * Level 5.4 Axes
 + Level 3.6 Armour
 + Level 2.7 Dodging


You had 4 spell levels left.
You didn't know any spells.
Your spell library was empty.

Dungeon Overview and Level Annotations

Branches:
Dungeon (4/15)
 Temple: D:4-7

Altars:
Dithmenos
Qazlal
Uskayaw

Annotations:
D:4 Grinder


Innate Abilities, Weirdness & Mutations

You reflexively headbutt those who attack you in melee.
You have a pair of horns on your head.


Message History

* * * LOW HITPOINT WARNING * * *
Grinder barely misses you.
Unknown command.
Xom grants you a minor favour.
You feel ready to backstab.
It was a potion of brilliance.
You feel clever all of a sudden. Grinder completely misses you.
It was a potion of invisibility.
You fade further into invisibility.
Xom thinks this is hilarious!
Grinder hits you.
* * * LOW HITPOINT WARNING * * *
Unknown command.
You hit Grinder.
Grinder seems to slow down.
Your headbutt misses Grinder.
Grinder is severely wounded.
The orc priest calls down the wrath of Beogh upon you.
Beogh smites you!
You die...
Xom thinks this is hilarious!

#.###.## #.#####<... #.# #.#
#.......#.# #.# #.# ######..#
# ######.###.###########
##..# ....<.................
.##..#
####.##...(..........#..##..#
# #.###.###### .......... #.#
#.#######...o.....## #.#
#...@5..o.........# #.#
######.###.#..## ..# ..## ..
.. #.#? ..# # #. .# ## #


You could see Grinder and an orc priest.

Vanquished Creatures
  A scorpion (D:4)
  A crimson imp (D:2)
  Ijyb (D:3)
  4 adders (D:2)
  An adder skeleton (D:4)
  2 dart slugs
  An orc (D:4)
  A giant cockroach (D:4)
  2 goblins (D:2)
  4 hobgoblins (D:2)
  2 jackals (D:2)
  A quokka (D:2)
  3 bats (D:2)
  2 frilled lizards
  3 kobolds
  3 rats
32 creatures vanquished.

Vanquished Creatures (collateral kills)
  A jackal (D:2)
1 creature vanquished.

Grand Total: 33 creatures vanquished

Notes
Turn   | Place    | Note
-------+----------+-------------------------------------------
     0 | D:1      | Flugslaktarn the Minotaur Chaos Knight began the quest for
                  | the Orb.
     0 | D:1      | Reached XP level 1. HP: 19/19 MP: 0/0
    93 | D:2      | XOM: silly message
    94 | D:2      | XOM: smoke on damage
    97 | D:2      | Reached skill level 4 in Axes
    97 | D:2      | Reached XP level 2. HP: 7/27 MP: 1/1
   372 | D:2      | Reached XP level 3. HP: 20/33 MP: 2/2
   413 | D:2      | XOM: divination: magic mapping
   570 | D:2      | Found a shadowy altar of Dithmenos.
   572 | D:2      | Found a hide-covered altar of Uskayaw.
   767 | D:2      | XOM: cast spell 'Call Canine Familiar'
   773 | D:2      | Reached XP level 4. HP: 39/40 MP: 3/3
   810 | D:3      | Noticed Ijyb
   821 | D:3      | Killed Ijyb
   821 | D:3      | Reached skill level 5 in Axes
   933 | D:3      | Found a stormy altar of Qazlal.
  1037 | D:4      | Reached XP level 5. HP: 47/47 MP: 4/4
  1086 | D:4      | Noticed Grinder
  1087 | D:4      | XOM: cast spell 'Call Canine Familiar'
  1096 | D:4      | Paralysed by Grinder for 6 turns
  1097 | D:4      | XOM: potion effect (invisibility)
  1106 | D:4      | XOM: potion effect (stabbing)
  1112 | D:4      | Killed from afar by an orc priest

Levels and vault maps discovered:
D:1:      dpeg_arrival_tiny_k, layout_rooms
D:2:      layout_rooms, nicolae_overflow_hidden_temple, minmay_hexomino_f4
D:3:      layout_basic, lemuel_coloured_pillars_altar,
          chequers_ecumenical_altar_island, first_ration,
          minmay_misc_feat_cross, nicolae_gozag_cash_rules_everything_around_me,
          uniq_crazy_yiuf_cottage, uniq_ijyb
D:4:      layout_loops_ring, uniq_natasha, uniq_grinder

Skill      XL: |  1  2  3  4 |
---------------+-------------+-----
Axes           | 4 5 |  5.4
Fighting       | 4 |  4.6
Armour         | 3 |  3.6
Dodging        | 2 |  2.7

Action                   |  1- 3 |  4- 6 || total
-------------------------+-------+-------++-------
Melee: Hand axe          |    58 |    37 ||    95
       Headbutt          |     9 |     8 ||    17
  Use: Potion            |       |     2 ||     2
 Stab: Paralysed         |       |     3 ||     3
  Eat: Chunk             |       |     1 ||     1
Armor: Leather armour    |    18 |    17 ||    35
Dodge: Dodged            |    37 |    23 ||    60

Table legend:
 A = Non-vault XP
 B = Vault XP
 C = Vault XP percentage of total XP
 D = Non-vault monster count
 E = Vault monster count
 F = Vault count percentage of total count
                 A         B        C        D         E       F
            +---------+---------+-------+---------+---------+-------
      Total |     206 |      53 |  20.5 |      29 |       4 |  12.1
            +---------+---------+-------+---------+---------+-------
        D:1 |       6 |       0 |   0.0 |       3 |       0 |   0.0
        D:2 |     113 |      17 |  13.1 |      20 |       3 |  13.0
        D:3 |       3 |      36 |  92.3 |       2 |       1 |  33.3
        D:4 |      84 |       0 |   0.0 |       4 |       0 |   0.0
            +---------+---------+-------+---------+---------+-------
